 Dungeon Crawl Stone Soup version 0.17-a0-1393-gcb420ff (console) character file.

65 lauthentik the Sneak (level 3, 0/24 HPs)
             Began as a Vampire Enchanter on June 16, 2015.
             Slain by a gnoll
             ... wielding a +1 flail of crushing
              (1 damage)
             ... on level 2 of the Dungeon.
             The game lasted 00:11:43 (1700 turns).

lauthentik the Sneak (Vampire Enchanter)            Turns: 1700, Time: 00:11:43

Health: 0/24       AC:  8    Str:  7    XL:     3   Next: 92%
Magic:  2/6        EV: 12    Int: 18    God:
Gold:   97         SH:  3    Dex: 14    Spells: 2 memorised, 3 levels left

rFire  + . .     SeeInvis +     p - +2 dagger (speed)
rCold  + + .     Clarity  .     b - +1 robe
rNeg   + + +     SustAt   .     k - +0 buckler
rPois  +         Gourm    .     (no helmet)
rElec  .         Spirit   .     r - +0 cloak
rCorr  .         Warding  .     l - +2 pair of gloves
rMut   .         Stasis   .     u - +0 pair of boots
MR     .....                    q - amulet of regeneration
Stlth  ++++......               (no ring)
                                h - ring of protection from fire

@: regenerating slowly, not resistant to hostile enchantments, stealthy
A: fangs 3, see invisible, unbreathing
a: Bat Form


You were on level 2 of the Dungeon.
You were near bloodless.

You visited 1 branch of the dungeon, and saw 3 of its levels.

You collected 97 gold pieces.

Inventory:

Hand weapons
 a - a +1 dagger
 p - a +2 dagger of speed (weapon)
Armour
 b - a +1 robe (worn)
 k - a +0 buckler (worn)
 l - a +2 pair of gloves (worn)
 r - a +0 cloak (worn)
 u - a +0 pair of boots (worn)
Jewellery
 h - a ring of protection from fire (left hand)
 q - an amulet of regeneration (around neck)
Scrolls
 f - a scroll of remove curse {unknown}
 g - 2 scrolls of noise {unknown}
 j - a scroll of teleportation {unknown}
 n - a scroll of recharging {unknown}
 s - a scroll of identify {unknown}
 t - 2 scrolls of enchant weapon {unknown}
 v - a scroll of amnesia {unknown}
Potions
 d - 4 potions of blood
 e - 4 potions of curing {unknown}
 i - 3 potions of brilliance {unknown}
 o - a potion of poison {unknown}
Books
 c - a book of Maledictions

   Spells                             Type                      Level
   a - Corona                         Hexes                        1
   b - Ensorcelled Hibernation        Hexes/Ice                    2
   c - Confuse                        Hexes                        3
   d - Tukima's Dance                 Hexes                        3
   e - Dazzling Spray                 Conjuration/Hexes            3
 m - a book of Dreams

   Spells                             Type                      Level
   a - Ensorcelled Hibernation        Hexes/Ice                    2
   b - Phase Shift                    Translocation                5
   c - Shadow Creatures               Summoning                    5
   d - Silence                        Hexes/Air                    5
   e - Mass Confusion                 Hexes                        6
   f - Darkness                       Hexes                        7


   Skills:
 + Level 0.1 Fighting
 + Level 1.4 Short Blades
 + Level 2.4 Dodging
 + Level 5.5 Stealth
 + Level 0.1 Shields
 + Level 2.2 Spellcasting
 + Level 5.1 Hexes
 + Level 1.2 Ice Magic


You had 3 spell levels left.
You knew the following spells:

 Your Spells              Type           Power        Failure   Level  Hunger
a - Ensorcelled Hibernat  Hex/Ice        ##....       14%         2    ##.....
b - Corona                Hex            ###....      3%          1    #......


Dungeon Overview and Level Annotations

Branches:
Dungeon (3/15)

Altars:


Innate Abilities, Weirdness & Mutations

You heal slowly.
You have razor-sharp teeth.
You have supernaturally acute eyesight.
You can survive without breathing.


Message History

The gnoll barely misses you. The gnoll closely misses you.
The orc hits you but does no damage.
The gnoll hits you with a flail of crushing.
* * * LOW HITPOINT WARNING * * *
You climb upwards.
There is a stone staircase leading down, spattered with blood here.
The gnoll hits you with a flail of crushing.
* * * LOW HITPOINT WARNING * * *
x2
Casting: Ensorcelled Hibernation
Confirm with . or Enter, or press ? or * to list all spells.
Aiming: Ensorcelled Hibernation
Press: ? - help, Shift-Dir - straight line, f - gnoll
Aim: a gnoll, wielding a flail of crushing (chance to defeat MR: 52%)
The gnoll resists with significant effort.
The gnoll hits you with a whip.
* * * LOW HITPOINT WARNING * * *
You closely miss the orc. The orc closely misses you.
The gnoll hits you with a flail of crushing.
* * * LOW HITPOINT WARNING * * *
You die...

####### #.....
#.....# ######
#.....### #.......#
#.......# #.......#
#.......# #....o..#
#...gg@.#
#####....g###
#.........##########
#........)##...(...#
#.....>.####.......#
#..)....####.......#
#.......#..........#
#.......#......#.###
#................#


You could see 3 gnolls and an orc.

Vanquished Creatures
  A gnoll (D:2)
  2 adders (D:3)
  A worm (D:3)
  A ball python (D:1)
  3 giant cockroaches
  8 goblins
  2 hobgoblins
  4 kobolds
  4 bats
  A giant gecko (D:1)
  A giant newt (D:1)
  3 jackals (D:1)
  9 rats
40 creatures vanquished.

Notes
Turn   | Place    | Note
--------------------------------------------------------------
     0 | D:1      | lauthentik the Vampire Enchanter began the quest for the Orb.
     0 | D:1      | Reached XP level 1. HP: 13/13 MP: 3/3
   197 | D:1      | Reached XP level 2. HP: 10/19 MP: 1/5
   201 | D:1      | Learned a level 2 spell: Ensorcelled Hibernation
  1143 | D:3      | Reached skill level 1 in Ice Magic
  1143 | D:3      | Reached XP level 3. HP: 17/24 MP: 2/6
  1170 | D:3      | Reached skill level 5 in Stealth
  1210 | D:3      | Reached skill level 5 in Hexes
  1700 | D:2      | HP: 1/24 [gnoll/flail of crushing (4)]
  1700 | D:2      | Slain by a gnoll

Vault maps used:
D:1:      dpeg_arrival_ternary, item_on_display_a
D:3:      zin_treasury

Action                   || total
-------------------------++-------
Melee: Dagger            ||    95
 Cast: Corona            ||     4
       Ensorcelled Hiber ||    21
 Stab: Sleeping          ||    22
